 Dungeon Crawl Stone Soup version 0.31-a0-523-g071a6c1ffa (webtiles) character file.

Game seed: 6252688606131592202

744 mopl the Insei (level 7, -1/46 HPs)
             Began as an Octopode Shapeshifter on Aug 11, 2023.
             Slain by a water moccasin (9 damage)
             ... on level 4 of the Dungeon.
             The game lasted 00:04:48 (3779 turns).

mopl the Insei (Octopode Shapeshifter)              Turns: 3779, Time: 00:04:49

Health: -1/46      AC:  1    Str: 14    XL:     7   Next: 76%
Magic:  7/7        EV: 14    Int: 10    God:
Gold:   38         SH:  0    Dex: 15    Spells: 6/6 levels left

rFire   . . .        g - +2 dagger (venom)
rCold   . . .        (no shield)
rNeg    . . .        (helmet currently unavailable)
rPois   .            (no amulet)
rElec   .            (no ring)
rCorr   .            (no ring)
SInv    .            (no ring)
Will    .....        (no ring)
Stlth   ++           (no ring)
HPRegen 0.27/turn    (no ring)
MPRegen 0.10/turn    (no ring)
                     (no ring)

%: no passive effects
@: lethally poisoned (-1 -> -6), beast-form
A: beast (slay +3), almost no armour, amphibious, 8 rings, camouflage 1,
gelatinous body 1, (nimble swimmer 1), tentacles
a: Begin Untransformation


You were on level 4 of the Dungeon.
You were a hulking beast.
You visited 1 branch of the dungeon, and saw 5 of its levels.

You collected 165 gold pieces.
You spent 127 gold pieces at shops.

Inventory:

Hand Weapons
 g - a +2 dagger of venom (weapon)
Talismans
 b - a beast talisman (active)
 c - a flux talisman
 m - a blade talisman
Scrolls
 d - a scroll of fear {unknown}
 f - 5 scrolls of identify {unknown}
 i - 3 scrolls of immolation {unknown}
 k - a scroll of enchant weapon {unknown}
 l - a scroll of acquirement {unknown}
 o - a scroll of poison {unknown}
 r - a scroll of fog {unknown}
Potions
 a - a potion of lignification {!q}
 e - a potion of might {unknown}
 h - 3 potions of curing {unknown}
 j - a potion of experience {unknown}
 n - a potion of heal wounds {unknown}
 p - a potion of cancellation {unknown}
 q - a potion of brilliance {unknown}
 s - a potion of enlightenment {unknown}
 t - a potion of ambrosia {unknown}


   Skills:
 + Level 3.2 Fighting
 + Level 3.8 Dodging
 * Level 5.7 Unarmed Combat
 * Level 5.0 Shapeshifting


You had 6 spell levels left.
You didn't know any spells.
Your spell library contained the following spells:

 Spells                   Type           Power      Damage    Failure   Level
 Sandblast                Erth           0%         2d4       36%         1
 Summon Small Mammal      Summ           0%         N/A       36%         1
 Passwall                 Tmut/Erth      0%         N/A       50%         2
 Call Canine Familiar     Summ           0%         N/A       75%         3
 Stone Arrow              Conj/Erth      0%         3d7       75%         3
 Summon Guardian Golem    Hex/Summ       0%         N/A       75%         3
 Iskenderun's Battlesphe  Conj           0%         2d6       100%        5
 Leda's Unmaking          Conj/Erth      0%         9d1       100%        6
 Orb of Destruction       Conj           0%         9d5       100%        7
 Spellforged Servitor     Conj/Summ      0%         N/A       100%        7


Dungeon Overview and Level Annotations

Branches:
Dungeon (5/15)
 Temple: D:4-7

Altars:
Elyvilon
Hepliaklqana

Shops:
D:2 *

Annotations:
D:3 3 runed translucent doors, t4s4d4r's ghost, amateur OpFi


Innate Abilities, Weirdness & Mutations

You are a hulking beast.
Your limbs bulge with bestial killing power. (Slay +3)
You cannot wear most types of armour.
You are amphibious.
You can wear up to eight rings at the same time.
Your skin changes colour to match your surroundings (Stealth+).
Your rubbery body absorbs attacks. (AC +1, EV +1)
((You are camouflaged when in or above water. (Stealth+)))
You have tentacles for arms and can constrict up to eight enemies at once.


Message History

You squeeze the black bear!
The black bear is severely wounded.
You constrict the black bear.
The black bear goes berserk!
You puncture the black bear!
The black bear is almost dead.
You constrict the black bear.
You kill the black bear!
Your Shapeshifting skill increases to level 5!
No target in view!
You start resting.
HP restored.
You climb downwards.
There is a stone staircase leading up here.
The water moccasin hisses angrily.
The water moccasin barely misses you.
You closely miss the water moccasin. You grab the water moccasin.
You constrict the water moccasin. The water moccasin bites you!
You release your grip on the water moccasin.
The water moccasin bites you!
You are poisoned.
The water moccasin poisons you! The water moccasin bites you.
You climb upwards.
You feel very sick.
There is a stone staircase leading down here.
You closely miss the water moccasin. You grab the water moccasin.
You squeeze the water moccasin!
The water moccasin is moderately wounded.
You constrict the water moccasin.
You feel very sick. The water moccasin closely misses you.
Unknown command.
You hit the water moccasin.
The water moccasin is poisoned.
The water moccasin is heavily wounded.
You constrict the water moccasin.
You feel sick. The water moccasin bites you.
* * * LOW HITPOINT WARNING * * *
You hit the water moccasin.
You squeeze the water moccasin, but do no damage.
The water moccasin is almost dead.
You constrict the water moccasin.
You feel sick. The water moccasin bites you!
You die...

#.#####.## #.# #...#
### #...# #
#≈####...#### #
#≈#.........# #
##≈#.........# #
##.≈..........#
#######..~.###..S#.##
.........~.# #..h#.#
############ #...#.#
####### #####.#
.....)# #.### #####.#
#...# # #.##### ###.#
# #.....# #.# #
#.###.# #.# #####.#
#.# #.#


You could see a water moccasin (very poisoned).

Vanquished Creatures
  Sigmund (D:3)
  A black bear (D:4)
  2 scorpions
  A hound (D:4)
  An orc priest (D:4)
  An iguana (D:4)
  A sleepcap (D:4)
  5 orc wizards
  4 adders
  2 dart slugs
  16 orcs
  4 endoplasms
  4 giant cockroaches
  4 goblins
  4 hobgoblins
  4 jackals (D:1)
  8 kobolds
  4 quokkas
  10 ball pythons
  6 bats
  4 frilled lizards
  7 rats
94 creatures vanquished.

Notes
Turn   | Place    | Note
-------+----------+-------------------------------------------
     0 | D:1      | mopl the Octopode Shapeshifter began the quest for the Orb.
     0 | D:1      | Reached XP level 1. HP: 13/13 MP: 1/1
   106 | D:1      | Reached XP level 2. HP: 15/18 MP: 2/2
   386 | D:1      | Reached XP level 3. HP: 23/23 MP: 3/3
  1184 | D:2      | Identified the +3 leather armour of the Dropbear {rElec
                  | rPois Str+4}
  1315 | D:2      | Found Eleha's Assorted Antiques.
  1323 | D:2      | Bought a fizzy inky potion for 23 gold pieces
  1323 | D:2      | Bought a scroll labelled HUEFIC YMIRY for 26 gold pieces
  1323 | D:2      | Bought a scroll labelled YLUCVAAPO for 26 gold pieces
  1367 | D:2      | Reached XP level 4. HP: 28/28 MP: 4/4
  1745 | D:3      | Found a runed translucent gate.
  1745 | D:3      | Found a runed translucent gate.
  1745 | D:3      | Found a runed translucent gate.
  1841 | D:3      | Reached skill level 4 in Unarmed Combat
  1847 | D:3      | Found a white marble altar of Elyvilon.
  1949 | D:3      | Noticed Sigmund
  1991 | D:3      | Killed Sigmund
  1992 | D:3      | Reached skill level 2 in Fighting
  1992 | D:3      | Reached skill level 3 in Dodging
  1992 | D:3      | Reached skill level 4 in Shapeshifting
  1992 | D:3      | Reached XP level 5. HP: 18/35 MP: 5/5
  1992 | D:3      | Reached XP level 6. HP: 21/40 MP: 6/6
  2487 | D:3      | Found a hazy altar of Hepliaklqana.
  2649 | D:3      | Noticed t4s4d4r's ghost (amateur OpFi)
  2856 | D:4      | Reached skill level 5 in Unarmed Combat
  3044 | D:4      | Reached XP level 7. HP: 31/45 MP: 7/7
  3239 | D:4      | Reached skill level 3 in Fighting
  3616 | D:2      | Bought a scroll labelled YTIMABB RIPSET for 26 gold pieces
  3616 | D:2      | Bought a scroll labelled YTIMABB RIPSET for 26 gold pieces
  3702 | D:5      | Entered Level 5 of the Dungeon
  3726 | D:4      | Reached skill level 5 in Shapeshifting
  3779 | D:4      | Slain by a water moccasin

Illustrated notes

Levels and vault maps discovered:
D:1:      wheals_arrival_linesprint, layout_loops_ring, grunt_decor_one_mirror,
          serial_park_tiny_2
D:2:      layout_loops_ring, serial_shops, shop
D:3:      layout_loops_corners, overflow_temple_1_default,
          nzn_hepliaklqana_mist_gate, gammafunk_ghost_icy, uniq_sigmund
D:4:      layout_loops_ring, chequers_serial_rivers_micro_b, minmay_statues_item
D:5:      layout_basic, minmay_temple_entry_stoned_glass,
          lightli_church_of_beogh

Skill      XL: |  1  2  3  4  5  6  7 |
---------------+----------------------+-----
Unarmed Combat | 4 5 |  5.7
Fighting       | 2 3 |  3.2
Dodging        | 3 |  3.8
Shapeshifting  | 4 5 |  5.0

Action                     |  1- 3 |  4- 6 |  7- 9 || total
---------------------------+-------+-------+-------++-------
  Melee: Unarmed           |    14 |       |       ||    14
         Constrict         |    20 |    20 |     9 ||    49
         Tentacles         |    11 |     8 |    11 ||    30
         Punch             |     2 |     4 |     1 ||     7
         Dagger            |    47 |    68 |    35 ||   150
   Stab: Sleeping          |    12 |     8 |       ||    20
 Armour: Skin              |     4 |     3 |     1 ||     8
  Dodge: Dodged            |    25 |    40 |    23 ||    88

Table legend: (Time is in decaauts)
 A = Elapsed time spent in this place.
 B = Non-inter-level travel time spent in this place.
 C = Inter-level travel time spent in this place.
 D = Time resting spent in this place.
 E = Time spent auto-exploring this place.
 F = Levels seen in this place.
 G = Mean time per level.
                   A        B        C        D        E       F      G
               +--------+--------+--------+--------+--------+-----+--------+
         Total |   3780 |   3499 |    281 |    435 |   2505 |   5 |  756.0 |
       Dungeon |   3780 |   3499 |    281 |    435 |   2505 |   5 |  756.0 |
               +--------+--------+--------+--------+--------+-----+--------+

Top non-repeatable levels by time:
     D:3: 1121 daAuts
     D:1: 1084 daAuts
     D:4: 940 daAuts
     D:2: 607 daAuts
     D:5: 26 daAuts
